[Event "Titled Tuesday Blitz May 23 Late 2023"]
[White "Djabri,Massinas"]
[Black "Vlassov, Nikolai"]
[WhiteFideId "7905726"]
[BlackFideId "4103360"]
[WhiteElo "2194"]
[BlackElo "2324"]
[Result "0-1"]
[Round "02"]
[TimeControl "180+2"]
[Date "2023.05.23"]
[WhiteClock "0:00:04"]
[BlackClock "0:01:24"]

1. d4 Nf6 2. c4 Nc6 3. Nf3 e6 4. Nc3 Bb4 5. a3 Bxc3+ 6. bxc3 d6 7. e3 e5 8. Be2 O-O 9. O-O Bg4 10. h3 Bh5 11. Nxe5 Bxe2 12. Nxc6 Bxd1 13. Nxd8 Be2 14. Re1 Bxc4 15. Nxb7 a5 16. e4 Rfb8 17. e5 Nd5 18. exd6 Rxb7 19. d7 Nf6 20. Re7 Kf8 21. Re3 Nxd7 22. a4 Nf6 23. Ba3+ Kg8 24. Rae1 h6 25. Re7 Be6 26. Bc5 Nd5 27. R7xe6 fxe6 28. Rxe6 Nxc3 29. Rg6 Nxa4 30. Be7 c5 31. Bf6 Kh7 0-1


[Site "https://www.chess.com"]

[Event "Titled Tuesday Blitz May 23 Late 2023"]
[White "Javakhadze, Zurab"]
[Black "Cagara, Paulina"]
[WhiteFideId "13603647"]
[BlackFideId "1124870"]
[WhiteElo "2381"]
[BlackElo "1967"]
[Result "1-0"]
[Round "02"]
[TimeControl "180+2"]
[Date "2023.05.23"]
[WhiteClock "0:00:18"]
[BlackClock "0:00:05"]

1. d4 f5 2. g3 Nf6 3. Bg2 g6 4. h4 Bg7 5. h5 gxh5 6. Nc3 d6 7. e4 fxe4 8. Nxe4 Bg4 9. Nxf6+ Bxf6 10. Bf3 Nc6 11. c3 Qd7 12. Rxh5 Bxf3 13. Qxf3 O-O-O 14. Be3 Rdf8 15. Qe4 e5 16. dxe5 Bxe5 17. O-O-O Re8 18. Qf5 Qxf5 19. Rxf5 Ref8 20. Rh5 a5 21. a4 Rf7 22. Nh3 Bf6 23. f4 Re8 24. Bd2 Re2 25. g4 Bd8 26. Rh1 Rg2 27. g5 Re7 28. Ng1 Rf2 29. R5h2 Rxh2 30. Rxh2 Re4 31. Rxh7 Rxa4 32. Nf3 Ra1+ 33. Kc2 a4 34. g6 Bf6 35. Rf7 Rf1 36. Rxf6 Rxf3 37. g7 1-0


[Site "https://www.chess.com"]

[Event "Titled Tuesday Blitz May 23 Late 2023"]
[White "Matute Escobar, Roxanny"]
[Black "Amburgy, Ryan"]
[WhiteFideId "3926028"]
[BlackFideId "30924820"]
[WhiteElo "1844"]
[BlackElo "2134"]
[Result "0-1"]
[Round "02"]
[TimeControl "180+2"]
[Date "2023.05.23"]
[WhiteClock "0:00:01"]
[BlackClock "0:01:00"]

1. e4 e5 2. Nf3 Nc6 3. Bc4 Bc5 4. b4 Bxb4 5. c3 Ba5 6. d4 d6 7. dxe5 Bg4 8. Qb3 Bxf3 9. Bxf7+ Kf8 10. gxf3 Nxe5 11. Bh5 g6 12. Bg4 Kg7 13. Ke2 Qe7 14. h4 Nxg4 15. fxg4 Qxe4+ 16. Be3 Qxh1 17. c4 Nf6 18. g5 Ng4 19. Bd4+ Ne5 20. Nd2 Qxh4 21. Nf3 Qe4+ 22. Kf1 Rhf8 23. Nxe5 dxe5 24. Bb2 Rf7 25. Qb5 Qd3+ 26. Kg1 Bc3 27. Bxc3 Qxc3 28. Rf1 Raf8 29. Qd5 Qd4 30. Qg2 Rf4 0-1


[Site "https://www.chess.com"]

[Event "Titled Tuesday Blitz May 23 Late 2023"]
[White "Rosen, Eric"]
[Black "Prado, Alexandra"]
[WhiteFideId "2032562"]
[BlackFideId "3301346"]
[WhiteElo "2331"]
[BlackElo "1759"]
[Result "1-0"]
[Round "02"]
[TimeControl "180+2"]
[Date "2023.05.23"]
[WhiteClock "0:01:14"]
[BlackClock "0:00:00"]

1. d4 Nf6 2. Bf4 g6 3. Nc3 Bg7 4. e4 d6 5. Qd2 Nc6 6. O-O-O a6 7. Kb1 b5 8. f3 b4 9. Nce2 a5 10. Nc1 O-O 11. h4 h5 12. Bb5 Bd7 13. Bh6 a4 14. g4 hxg4 15. h5 gxh5 16. Qg5 Ne8 17. Qxh5 e5 18. Bxg7 Kxg7 19. Qh6+ 1-0


[Site "https://www.chess.com"]

[Event "Titled Tuesday Blitz May 23 Late 2023"]
[White "Naroditsky, Daniel"]
[Black "Kokoszczynski, Jan"]
[WhiteFideId "2026961"]
[BlackFideId "1174460"]
[WhiteElo "2633"]
[BlackElo "2139"]
[Result "1-0"]
[Round "02"]
[TimeControl "180+2"]
[Date "2023.05.23"]
[WhiteClock "0:00:57"]
[BlackClock "0:00:05"]

1. e4 e5 2. Nf3 Nc6 3. Bb5 a6 4. Ba4 Nf6 5. O-O b5 6. Bb3 Be7 7. d3 O-O 8. a4 b4 9. a5 d6 10. Nbd2 Rb8 11. Bc4 h6 12. Re1 Re8 13. Nf1 Bf8 14. Ne3 Bb7 15. c3 bxc3 16. bxc3 Ne7 17. Qa4 d5 18. exd5 Nexd5 19. Nxd5 Nxd5 20. Bd2 Qd6 21. Rab1 Bc6 22. Qa2 Rbd8 23. d4 exd4 24. cxd4 Ba8 25. Ne5 Re6 26. h3 Rde8 27. Rbc1 g6 28. Nd3 Bg7 29. Rxe6 Rxe6 30. Qb1 Re8 31. Re1 Rd8 32. Ne5 Bxe5 33. Rxe5 Nf6 34. Qxg6+ Kf8 35. Qxf7# 1-0


[Site "https://www.chess.com"]

[Event "Titled Tuesday Blitz May 23 Late 2023"]
[White "Estrada Nieto, Julian"]
[Black "Paravyan, David"]
[WhiteFideId "5101018"]
[BlackFideId "4194985"]
[WhiteElo "2161"]
[BlackElo "2563"]
[Result "0-1"]
[Round "02"]
[TimeControl "180+2"]
[Date "2023.05.23"]
[WhiteClock "0:00:03"]
[BlackClock "0:01:42"]

1. e4 e5 2. Nf3 Nf6 3. d4 Nxe4 4. Bd3 d5 5. Nxe5 Nd7 6. Nxd7 Bxd7 7. O-O Bd6 8. Nc3 Nxc3 9. bxc3 O-O 10. Re1 Qh4 11. g3 Qh3 12. Qf3 Rae8 13. Bd2 c6 14. c4 Bg4 15. Qg2 Qh5 16. cxd5 Bf3 17. Qf1 Qxd5 18. Re3 Rxe3 19. fxe3 Be4 20. c4 Qe6 21. Rb1 b6 22. Bb4 Bxb4 23. Rxb4 Re8 24. Bxe4 Qxe4 25. Rb3 h5 26. Qg2 Qe6 27. d5 Qf6 28. dxc6 Rc8 29. Rd3 g6 30. Qd5 Qxc6 31. Qxc6 Rxc6 32. Rd4 Rc5 33. Kf2 Ra5 34. Rd2 Ra4 35. Rc2 Kf8 36. Ke2 Ke7 37. Kd3 Kd6 38. Kd4 b5 39. e4 f6 40. Kd3 bxc4+ 41. Kd4 g5 42. h4 g4 43. Rxc4 Rxa2 44. Rc8 Rd2+ 45. Ke3 Rg2 46. Kf4 Rf2+ 47. Ke3 Rf3+ 48. Kd4 Rxg3 49. Rh8 Rg1 50. Rxh5 g3 51. Rh6 g2 52. Rxf6+ Ke7 53. Rg6 Rd1+ 54. Ke5 g1=Q 55. Rxg1 Rxg1 0-1


[Site "https://www.chess.com"]

[Event "Titled Tuesday Blitz May 23 Late 2023"]
[White "Svane, Frederik"]
[Black "Santos Flores, Alberto"]
[WhiteFideId "12923044"]
[BlackFideId "3601234"]
[WhiteElo "2502"]
[BlackElo "2235"]
[Result "1-0"]
[Round "02"]
[TimeControl "180+2"]
[Date "2023.05.23"]
[WhiteClock "0:00:06"]
[BlackClock "0:00:00"]

1. e4 e6 2. d3 d5 3. Qe2 dxe4 4. dxe4 e5 5. Nf3 Nc6 6. c3 Nf6 7. Qc2 Bc5 8. Bb5 O-O 9. O-O Qe7 10. Nbd2 Bg4 11. h3 Bh5 12. Nh4 Bg6 13. Nxg6 hxg6 14. Nf3 Rad8 15. a4 a6 16. Bc4 a5 17. Bg5 Rd6 18. Rfd1 Rfd8 19. Rxd6 Qxd6 20. Re1 Bb6 21. g3 Rd7 22. Kg2 Nh7 23. Bc1 Nd8 24. Qb3 Bc5 25. Qb5 b6 26. Bb3 Ne6 27. Nxe5 Rd8 28. Nc6 Rf8 29. Rd1 1-0


[Site "https://www.chess.com"]

[Event "Titled Tuesday Blitz May 23 Late 2023"]
[White "Zakhartsov, Vladimir"]
[Black "Janaszak, Dawid"]
[WhiteFideId "4145097"]
[BlackFideId "1119206"]
[WhiteElo "2495"]
[BlackElo "2220"]
[Result "1-0"]
[Round "02"]
[TimeControl "180+2"]
[Date "2023.05.23"]
[WhiteClock "0:00:09"]
[BlackClock "0:00:00"]

1. e4 c5 2. Nf3 Nc6 3. Bb5 e5 4. Bxc6 bxc6 5. O-O d6 6. c3 Nf6 7. Re1 Be7 8. d4 cxd4 9. cxd4 exd4 10. Nxd4 Qc7 11. Bf4 O-O 12. e5 Nd5 13. Bg3 dxe5 14. Bxe5 Bd6 15. Bxd6 Qxd6 16. Nd2 Bd7 17. Ne4 Qb4 18. Qd2 Rab8 19. b3 Rfe8 20. f3 h6 21. Qxb4 Rxb4 22. Nc2 Rbb8 23. Nc5 Red8 24. Nd4 Be8 25. Rad1 Nc3 26. Rd2 Rd5 27. b4 Rbd8 28. Ncb3 Kf8 29. Rc2 Nb5 30. Nxc6 Rc8 31. Ncd4 Rxc2 32. Nxc2 Nc3 33. a3 Ba4 34. Ncd4 Nb5 35. Nxb5 Rxb5 36. Nc5 Bc2 37. Re5 Kg8 38. Kf2 f6 39. Re8+ Kf7 40. Ra8 Kg6 41. Rxa7 Rb6 42. Rd7 Bb1 43. Ke3 Rb8 44. Kd4 Re8 45. b5 Re2 46. b6 Rxg2 47. b7 Rb2 48. Kc3 Rb5 49. Kc4 Rb6 50. Rd8 Ba2+ 51. Kc3 Rc6 52. Kd4 1-0


[Site "https://www.chess.com"]

[Event "Titled Tuesday Blitz May 23 Late 2023"]
[White "Keymer, Vincent"]
[Black "Toniutti, Ezio"]
[WhiteFideId "12940690"]
[BlackFideId "113034"]
[WhiteElo "2669"]
[BlackElo "2215"]
[Result "1-0"]
[Round "02"]
[TimeControl "180+2"]
[Date "2023.05.23"]
[WhiteClock "0:00:12"]
[BlackClock "0:00:05"]

1. a3 d5 2. Nf3 Bf5 3. b4 e6 4. Bb2 Nf6 5. e3 Be7 6. Be2 h6 7. O-O O-O 8. c4 c6 9. Nc3 Bh7 10. h3 Nbd7 11. Rc1 Re8 12. Qb3 Bf8 13. Rfd1 a5 14. d4 axb4 15. axb4 dxc4 16. Bxc4 Nb6 17. Be2 Nbd5 18. b5 Nxc3 19. Bxc3 Qb6 20. Bb4 Bxb4 21. Qxb4 Nd5 22. Qb2 Rec8 23. Ne5 cxb5 24. Bxb5 Qd8 25. Be2 Rxc1 26. Rxc1 Rc8 27. Bh5 g6 28. Bf3 Kg7 29. Ra1 Rc7 30. g3 g5 31. Ra3 Nf6 32. Rb3 Be4 33. Bxe4 Nxe4 34. Rxb7 Rxb7 35. Qxb7 Qf6 36. Qxe4 1-0


[Site "https://www.chess.com"]

[Event "Titled Tuesday Blitz May 23 Late 2023"]
[White "Gokerkan, Cem Kaan"]
[Black "Seletsky, Grigory"]
[WhiteFideId "6336760"]
[BlackFideId "14112191"]
[WhiteElo "2365"]
[BlackElo "2491"]
[Result "1-0"]
[Round "02"]
[TimeControl "180+2"]
[Date "2023.05.23"]
[WhiteClock "0:01:19"]
[BlackClock "0:00:50"]

1. e4 c5 2. Nf3 e6 3. c3 Nf6 4. e5 Nd5 5. d4 cxd4 6. cxd4 Nc6 7. Bc4 d6 8. O-O Be7 9. Qe2 Nb6 10. Bd3 d5 11. Nc3 Bd7 12. Be3 Rc8 13. Nd2 Na5 14. Qg4 g6 15. Bh6 Nac4 16. Nxc4 Nxc4 17. Nd1 Bb5 18. Re1 Nxe5 19. Bxb5+ Nc6 20. Nc3 a6 21. Ba4 Bf6 22. Rad1 b6 23. Rxe6+ fxe6 24. Qxe6+ Be7 25. Bxc6+ Rxc6 26. Qxc6+ Qd7 27. Qxb6 Kf7 28. Qxa6 Rb8 29. Qe2 Bf6 30. Bf4 Rb4 31. Be5 Qe6 32. Bxf6 Qxe2 33. Nxe2 Rxb2 34. Nc3 Kxf6 35. Nxd5+ Kf5 36. Ne3+ Ke6 37. d5+ Kd7 38. d6 Rxa2 39. h3 h5 40. Nc4 Re2 41. f4 Re4 42. Ne5+ Kd8 43. d7 Rxf4 44. Nc6+ 1-0


[Site "https://www.chess.com"]

[Event "Titled Tuesday Blitz May 23 Late 2023"]
[White "Vovk, Orest"]
[Black "Tatarinov, Dmitry"]
[WhiteFideId "14113490"]
[BlackFideId "24160067"]
[WhiteElo "2215"]
[BlackElo "2326"]
[Result "0-1"]
[Round "02"]
[TimeControl "180+2"]
[Date "2023.05.23"]
[WhiteClock "0:00:01"]
[BlackClock "0:01:24"]

1. h4 e5 2. h5 h6 3. d4 exd4 4. Qxd4 Nf6 5. g4 Nc6 6. Qa4 d5 7. g5 hxg5 8. Bxg5 Qd6 9. Bxf6 Qxf6 10. Nc3 Bb4 11. O-O-O Bxc3 12. bxc3 Qxc3 13. Kb1 Be6 14. Bh3 O-O-O 15. Bxe6+ fxe6 16. Rh3 Qc5 17. e3 Ne5 18. Nf3 Nc4 19. Nd2 Nxd2+ 20. Rxd2 Rd6 21. Rd3 Rb6+ 22. Rb3 Kb8 23. h6 gxh6 24. Rxh6 Rf8 25. Rf6 a6 26. Rxf8+ Qxf8 27. Rxb6 cxb6 28. Qd7 Qb4+ 29. Kc1 Qe4 30. Kb1 Ka7 31. Qd6 e5 32. Qe7 d4 33. exd4 Qxd4 34. Qf6 a5 35. Qf3 b5 36. Qe2 b4 37. Qb5 b6 38. f3 Qd1+ 39. Kb2 Qd6 40. Kb1 Qc5 41. Qd7+ Ka6 42. Qd3+ Kb7 43. Qe4+ Kc7 44. Qh7+ Kc6 45. Qg6+ Qd6 46. Qe4+ Qd5 47. Qg6+ Kc5 48. Qf5 a4 49. Qf8+ Kc4 50. Qc8+ Kd4 51. Qg4+ Ke3 52. Qg1+ Kd2 53. Qf2+ Kc3 54. Qe1+ Kc4 55. Qe2+ Kc5 56. Qe3+ Qd4 57. Qe1 a3 58. Qc1 Qc3 59. Qg1+ Qd4 60. Qc1 Kd5 61. c4+ Kc5 62. Qc2 Qg1+ 63. Qc1 Qxc1+ 64. Kxc1 Kxc4 65. Kc2 b3+ 66. axb3+ Kb4 67. Kb1 Kxb3 68. Ka1 Kc3 69. Ka2 Kd3 70. Kxa3 Ke3 71. Kb4 Kxf3 0-1


[Site "https://www.chess.com"]

[Event "Titled Tuesday Blitz May 23 Late 2023"]
[White "Williams, Simon K"]
[Black "Golubev, Mikhail"]
[WhiteFideId "404454"]
[BlackFideId "14100983"]
[WhiteElo "2468"]
[BlackElo "2374"]
[Result "1-0"]
[Round "02"]
[TimeControl "180+2"]
[Date "2023.05.23"]
[WhiteClock "0:00:10"]
[BlackClock "0:00:00"]

1. d4 d6 2. Nc3 g6 3. e4 Bg7 4. h4 h5 5. Nf3 Nf6 6. Ng5 c6 7. Be2 Nbd7 8. O-O O-O 9. f4 e5 10. dxe5 dxe5 11. f5 gxf5 12. exf5 Nb6 13. Qxd8 Rxd8 14. Nge4 Nbd5 15. Bg5 Nxc3 16. Nxc3 Rd4 17. Bd3 Bd7 18. Rae1 Re8 19. g3 e4 20. Bxf6 Bxf6 21. Nxe4 Be5 22. Kg2 f6 23. Re3 Re7 24. c3 Ra4 25. Bc2 Ra5 26. a3 Kg7 27. Kh3 Bc7 28. g4 hxg4+ 29. Kxg4 Kh6 30. Ref3 Rg7+ 31. Kh3 Be5 32. R1f2 Be8 33. Rg2 Rxg2 34. Kxg2 Bh5 35. Rd3 Bg4 36. Rd7 Bxf5 37. Rxb7 Rd5 38. Kf3 Bg6 39. Ke3 f5 40. h5 Bxh5 41. Nd2 f4+ 42. Ke4 Bg6+ 43. Kf3 Bxc2 44. Nc4 Bd1+ 45. Ke4 1-0


[Site "https://www.chess.com"]

[Event "Titled Tuesday Blitz May 23 Late 2023"]
[White "Goroshkov, Maksym"]
[Black "Dubreuil, Julien"]
[WhiteFideId "14142716"]
[BlackFideId "621285"]
[WhiteElo "2322"]
[BlackElo "2321"]
[Result "1-0"]
[Round "02"]
[TimeControl "180+2"]
[Date "2023.05.23"]
[WhiteClock "0:00:09"]
[BlackClock "0:00:00"]

1. e4 c5 2. d4 cxd4 3. c3 Nf6 4. e5 Nd5 5. Bc4 Nb6 6. Bb3 Nc6 7. Nf3 d6 8. exd6 Qxd6 9. cxd4 Be6 10. O-O Rd8 11. Be3 Bxb3 12. axb3 e6 13. Nc3 a6 14. Re1 Be7 15. Ne5 O-O 16. Nc4 Nxc4 17. bxc4 Nxd4 18. c5 Qxc5 19. Ra4 e5 20. Ne4 Qb5 21. Bxd4 exd4 22. Rxd4 Qxb2 23. Rxd8 Rxd8 24. Qf3 Qb4 25. Rc1 Qa3 26. Qf4 h6 27. h4 Qb4 28. g3 a5 29. Rc7 Rf8 30. Qe5 Qb1+ 31. Kg2 Bb4 32. Rxb7 Qe1 33. Qd5 Qc1 34. Rd7 Qc8 35. g4 Qa8 36. Qc4 Qc8 37. Qd5 Qa8 38. Qc4 Qc8 39. Qd3 Qa8 40. g5 hxg5 41. hxg5 Re8 42. f3 Bf8 43. g6 f5 44. Qc4+ Kh8 45. Ng5 1-0


[Site "https://www.chess.com"]

[Event "Titled Tuesday Blitz May 23 Late 2023"]
[White "Gheorghiu, Calin"]
[Black "Lacasa Diaz, Jose Antonio"]
[WhiteFideId "1200305"]
[BlackFideId "2203375"]
[WhiteElo "2223"]
[BlackElo "2338"]
[Result "1/2-1/2"]
[Round "02"]
[TimeControl "180+2"]
[Date "2023.05.23"]
[WhiteClock "0:00:02"]
[BlackClock "0:00:02"]

1. e4 c5 2. Nf3 e6 3. c3 d5 4. exd5 Qxd5 5. d4 Nf6 6. Be2 cxd4 7. cxd4 Nc6 8. Nc3 Qd6 9. O-O Be7 10. Bg5 O-O 11. Rc1 b6 12. Bd3 Bb7 13. Bb1 Rfd8 14. Qc2 g6 15. Rfd1 Nb4 16. Qe2 Nbd5 17. Nb5 Qb8 18. Ne5 a6 19. Nc3 Nxc3 20. bxc3 Qd6 21. c4 Rac8 22. Rc3 Nh5 23. Bxe7 Qxe7 24. Qg4 Nf6 25. Qh4 Nd5 26. Qxe7 Nxe7 27. Rb3 Rd6 28. c5 Rxc5 29. Nd3 Rcd5 30. Nb2 b5 31. Be4 Rc6 32. Bxd5 Nxd5 33. Nd3 Rc2 34. Nc5 Bc6 35. Ra3 Nb4 36. Nxa6 Nxa2 37. Ra1 Bd5 38. f3 b4 39. R3xa2 Rxa2 40. Rxa2 Bxa2 41. Nxb4 Bc4 42. Kf2 Kf8 43. Ke3 Ke7 44. Nd3 f6 45. h4 h6 46. Nc5 Bd5 47. Ne4 f5 48. Ng3 g5 49. hxg5 hxg5 50. Ne2 f4+ 51. Kd3 Kf6 52. Nc3 Bb7 53. Ne4+ Kg6 54. Kc4 Ba6+ 55. Kc5 Bf1 56. Kd6 Bxg2 57. Kxe6 Bxf3 58. Nd2 Ba8 59. d5 g4 60. d6 Bc6 61. Ke5 f3 62. Kf4 Kh5 63. d7 Bxd7 64. Nxf3 Be6 65. Nh2 Kh4 66. Nxg4 1/2-1/2


[Site "https://www.chess.com"]

[Event "Titled Tuesday Blitz May 23 Late 2023"]
[White "Bagrationi, Alexander"]
[Black "olga-belka"]
[WhiteFideId "14104954"]
[WhiteElo "2398"]
[BlackElo "2258"]
[Result "1-0"]
[Round "02"]
[TimeControl "180+2"]
[Date "2023.05.23"]
[WhiteClock "0:01:04"]
[BlackClock "0:00:00"]

1. e4 c5 2. Be2 d6 3. f4 Nf6 4. Nc3 g6 5. Nf3 Bg7 6. O-O O-O 7. d3 Nc6 8. Kh1 Rb8 9. Be3 b5 10. Qe1 b4 11. Nd1 a5 12. a4 bxa3 13. Rxa3 c4 14. c3 cxd3 15. Bxd3 Qc7 16. Nd4 Nxd4 17. cxd4 Bb7 18. d5 e6 19. dxe6 fxe6 20. Bd4 Ng4 21. Bxg7 Kxg7 22. Rxa5 Nf6 23. Ra3 Qb6 24. f5 exf5 25. exf5 Qc6 26. Qg3 Nh5 27. Qg5 Rbe8 28. Rc3 Qd5 29. Rc7+ Kg8 30. Bc4 Qxc4 31. Rxc4 Rxf5 32. Qxf5 gxf5 33. Rc2 Nf4 34. Kg1 Ne2+ 35. Kf2 Nf4 36. Rd2 Bxg2 37. Rg1 Kf7 38. Rxg2 Nxg2 39. Kxg2 Re6 40. b4 Ke7 41. b5 Re5 42. Nc3 Rc5 43. Nd5+ Kd7 44. b6 Rb5 45. Kf3 Kc6 46. Kf4 1-0


[Site "https://www.chess.com"]

[Event "Titled Tuesday Blitz May 23 Late 2023"]
[White "Hernandez Leon, Alberto"]
[Black "cryptoguru02"]
[WhiteFideId "2272555"]
[WhiteElo "2239"]
[BlackElo "2567"]
[Result "0-1"]
[Round "02"]
[TimeControl "180+2"]
[Date "2023.05.23"]
[WhiteClock "0:00:00"]
[BlackClock "0:00:08"]

1. d4 g6 2. e4 Bg7 3. Nc3 d6 4. Nf3 Nf6 5. h3 O-O 6. Be3 c6 7. a4 Nbd7 8. Be2 e5 9. dxe5 Nxe5 10. O-O Re8 11. Bf4 Qc7 12. Qd2 Be6 13. b3 Rad8 14. Rad1 Qa5 15. Nd5 Qxd2 16. Nxf6+ Bxf6 17. Rxd2 Nxf3+ 18. Bxf3 Be5 19. Be3 a6 20. Rfd1 f5 21. Bd4 Bf4 22. Re2 fxe4 23. Rxe4 Bg5 24. Bb6 d5 25. Re2 Rc8 26. Rde1 Bd7 27. Rxe8+ Rxe8 28. Rxe8+ Bxe8 29. Kf1 h5 30. g4 Kg7 31. Ke2 Bf6 32. Kd3 Bd7 33. a5 hxg4 34. hxg4 Kf7 35. Be3 g5 36. Bd4 Be7 37. Bb6 Ke6 38. Be2 Be8 39. Kd2 Bg6 40. Bd3 Bxd3 41. Kxd3 Ke5 42. Be3 c5 43. c3 Ke6 44. b4 c4+ 45. Kd2 Ke5 46. f3 Bd8 47. Ke2 Be7 48. Kf2 Ke6 49. Ke2 Bf6 50. Kd2 Be7 51. Kc2 d4 52. Bxd4 Kd5 53. Be3 Bd8 54. Bf4 gxf4 0-1


[Site "https://www.chess.com"]

[Event "Titled Tuesday Blitz May 23 Late 2023"]
[White "Lonoff, Marc"]
[Black "Melian, Juan Sebastian"]
[WhiteFideId "2001349"]
[BlackFideId "3706575"]
[WhiteElo "2119"]
[BlackElo "2092"]
[Result "0-1"]
[Round "02"]
[TimeControl "180+2"]
[Date "2023.05.23"]
[WhiteClock "0:00:00"]
[BlackClock "0:00:16"]

1. c4 Nf6 2. Nc3 e5 3. g3 g6 4. Bg2 Bg7 5. e4 O-O 6. Nge2 d6 7. d3 a6 8. h3 c6 9. a4 a5 10. Be3 Na6 11. Qd2 Be6 12. Bh6 d5 13. Bxg7 Kxg7 14. cxd5 cxd5 15. exd5 Nxd5 16. O-O Qd7 17. Kh2 Rfd8 18. d4 Nxc3 19. bxc3 exd4 20. Nxd4 Bc4 21. Rfe1 Nc5 22. Rab1 Rab8 23. Re3 Nxa4 24. Ra1 b5 25. Re5 b4 26. Qf4 Nxc3 27. Nc6 Qd2 28. Nxd8 Qxf4 29. gxf4 Rxd8 30. Rexa5 b3 31. Rc5 b2 32. Rg1 Rd1 0-1


[Site "https://www.chess.com"]

[Event "Titled Tuesday Blitz May 23 Late 2023"]
[White "Quirke, Jeffrey"]
[Black "Martinez Alcantara, Jose Eduardo"]
[WhiteFideId "2013029"]
[BlackFideId "3805662"]
[WhiteElo "2216"]
[BlackElo "2711"]
[Result "0-1"]
[Round "02"]
[TimeControl "180+2"]
[Date "2023.05.23"]
[WhiteClock "0:00:18"]
[BlackClock "0:00:56"]

1. e4 c5 2. Nc3 e6 3. g3 Nc6 4. Bg2 g6 5. Nge2 Bg7 6. O-O d6 7. d3 Nge7 8. f4 O-O 9. Be3 Nd4 10. Qd2 Nec6 11. Nd1 Nxe2+ 12. Qxe2 b6 13. c3 Bd7 14. Nf2 f5 15. g4 Qc7 16. Rae1 Rae8 17. exf5 exf5 18. Qf3 Ne7 19. g5 Bc6 20. Qg3 Qb7 21. Bd2 Nd5 22. h4 b5 23. h5 b4 24. c4 Nc7 25. b3 Ne6 26. Nd1 Nd4 27. Ne3 gxh5 28. Bxc6 Qxc6 29. Qg2 Qxg2+ 30. Kxg2 Kf7 31. Nd5 a5 32. Nc7 Rxe1 33. Rxe1 a4 34. Ne6 Nxe6 0-1


[Site "https://www.chess.com"]

[Event "Titled Tuesday Blitz May 23 Late 2023"]
[White "Dardha, Daniel"]
[Black "Qiao, Cindy"]
[WhiteFideId "240990"]
[BlackFideId "2620243"]
[WhiteElo "2581"]
[BlackElo "1777"]
[Result "1-0"]
[Round "02"]
[TimeControl "180+2"]
[Date "2023.05.23"]
[WhiteClock "0:00:41"]
[BlackClock "0:00:14"]

1. g4 d5 2. Bh3 Nc6 3. d4 Nf6 4. g5 Ne4 5. f3 Nd6 6. Nc3 e6 7. e4 Nc4 8. Nge2 Be7 9. Rg1 a6 10. b3 Nb6 11. Be3 e5 12. Bxc8 Rxc8 13. dxe5 Nxe5 14. Rg3 dxe4 15. Nxe4 O-O 16. f4 Nc6 17. f5 f6 18. g6 Qxd1+ 19. Rxd1 h6 20. Nf4 Bb4+ 21. c3 Rfe8 22. Ne6 Bf8 23. Kf2 Ne7 24. Nxf8 Rxf8 25. Rf3 Rfd8 26. Re1 Ned5 27. Bc5 Re8 28. c4 Ne7 29. Bxe7 Rxe7 30. Nxf6+ gxf6 31. Rxe7 Rd8 32. Rfe3 Nd7 33. Re8+ Rxe8 34. Rxe8+ Nf8 35. Rxf8+ Kxf8 36. h3 Kg7 37. Ke2 h5 38. Kd2 h4 39. Ke2 1-0


[Site "https://www.chess.com"]

[Event "Titled Tuesday Blitz May 23 Late 2023"]
[White "Gasparyan, David"]
[Black "Moroni, Luca Jr"]
[WhiteFideId "13311980"]
[BlackFideId "865834"]
[WhiteElo "2393"]
[BlackElo "2569"]
[Result "0-1"]
[Round "02"]
[TimeControl "180+2"]
[Date "2023.05.23"]
[WhiteClock "0:00:01"]
[BlackClock "0:01:01"]

1. e4 b5 2. Bxb5 Bb7 3. Nc3 e6 4. Nf3 Bb4 5. O-O Nf6 6. e5 Ng4 7. h3 Nh6 8. d3 Nf5 9. Ne4 O-O 10. c3 Be7 11. Re1 d5 12. exd6 cxd6 13. d4 Nd7 14. Bf4 Nf6 15. Bd3 Nd5 16. Bd2 a5 17. a4 Kh8 18. Ra3 Qc7 19. Rb3 Bc6 20. Bb5 Bb7 21. c4 Nf6 22. Nxf6 Bxf6 23. Bc3 Bxf3 24. Qxf3 Bxd4 25. Bc6 Rab8 26. Rb5 Bxc3 27. bxc3 Nh4 28. Qe4 Ng6 29. g3 Ne5 30. Bb7 Nxc4 31. Qc6 Qxc6 32. Bxc6 Rbc8 33. Bg2 d5 34. Rd1 g6 35. Rb7 Kg7 36. Bf1 Rc5 37. Rdb1 Nd2 38. Rc1 Nxf1 39. Kxf1 Rfc8 40. Rb5 Rxc3 41. Rxc3 Rxc3 42. Rxa5 Rc2 43. Ra7 Ra2 44. Kg2 g5 45. Kf3 Kf6 46. a5 h5 47. Ke3 h4 48. gxh4 gxh4 49. f3 Ra4 50. a6 Kg6 51. Ra8 Kf5 52. Ke2 f6 53. Rh8 e5 54. a7 Rxa7 55. Rxh4 Ra2+ 56. Ke3 d4+ 57. Kd3 Rf2 58. Rh5+ Kg6 59. Rh7 0-1


[Site "https://www.chess.com"]

[Event "Titled Tuesday Blitz May 23 Late 2023"]
[White "Ziatdinov, Raset"]
[Black "Mekhitarian, Krikor Sevag"]
[WhiteFideId "2015323"]
[BlackFideId "2107660"]
[WhiteElo "2220"]
[BlackElo "2604"]
[Result "0-1"]
[Round "02"]
[TimeControl "180+2"]
[Date "2023.05.23"]
[WhiteClock "0:00:53"]
[BlackClock "0:01:48"]

1. e4 e6 2. d4 d5 3. Nc3 Nf6 4. e5 Nfd7 5. f4 c5 6. Nf3 Nc6 7. Be3 cxd4 8. Nxd4 Qb6 9. Qd2 Qxb2 10. Rb1 Qa3 11. Bb5 Nxd4 12. Bxd4 a6 13. Bxd7+ Bxd7 14. Rb3 Qe7 15. Rxb7 Qh4+ 16. Bf2 Qd8 17. Bb6 Qc8 18. Rc7 Qb8 19. Qd4 Be7 20. O-O Bd8 21. Qc5 Bxc7 22. Bxc7 Qb7 23. Rb1 Qc6 24. Qa5 O-O 25. Bd6 Rfc8 26. Rb3 d4 0-1


[Site "https://www.chess.com"]

[Event "Titled Tuesday Blitz May 23 Late 2023"]
[White "Sattarov, Bobir"]
[Black "Dzierzak, Radoslaw"]
[WhiteFideId "14203081"]
[BlackFideId "1161407"]
[WhiteElo "2351"]
[BlackElo "2166"]
[Result "1/2-1/2"]
[Round "02"]
[TimeControl "180+2"]
[Date "2023.05.23"]
[WhiteClock "0:01:23"]
[BlackClock "0:00:04"]

1. e4 c6 2. Nc3 d5 3. Nf3 Bg4 4. h3 Bxf3 5. gxf3 e6 6. d4 g6 7. Qd3 Bg7 8. Be3 Ne7 9. h4 h5 10. O-O-O Nd7 11. Kb1 Qa5 12. Bd2 Qb6 13. Ne2 c5 14. exd5 Nxd5 15. c4 Ne7 16. Bc3 cxd4 17. Nxd4 Nc5 18. Qc2 O-O 19. Be2 Rfd8 20. Rhg1 Nf5 21. Nxf5 exf5 22. Bxg7 Kxg7 23. Qxf5 Rxd1+ 24. Bxd1 Rd8 25. Bc2 Re8 26. Qd5 Re2 27. Qd4+ Kh7 28. a3 Na4 29. c5 Nxc5 30. Rg5 Re1+ 31. Bd1 Kg8 32. Rxc5 Rxd1+ 33. Qxd1 Qxc5 34. Qd8+ Kg7 35. Qd2 Qf5+ 36. Ka1 Qxf3 37. Qd4+ Kh7 38. Qxa7 Qd1+ 39. Ka2 Qd5+ 40. Kb1 Qd1+ 41. Ka2 Qd5+ 42. Ka1 Qd1+ 43. Ka2 1/2-1/2


[Site "https://www.chess.com"]

[Event "Titled Tuesday Blitz May 23 Late 2023"]
[White "Ammar, Sedrani"]
[Black "Panesar Vedant"]
[WhiteFideId "9312331"]
[BlackFideId "35033018"]
[WhiteElo "2115"]
[BlackElo "2347"]
[Result "0-1"]
[Round "02"]
[TimeControl "180+2"]
[Date "2023.05.23"]
[WhiteClock "0:01:19"]
[BlackClock "0:01:49"]

1. c4 Nf6 2. Nc3 d6 3. b3 g6 4. Bb2 Bg7 5. Nf3 O-O 6. g3 e5 7. d3 Nc6 8. Bg2 h6 9. O-O Be6 10. e4 Qd7 11. d4 Bg4 12. dxe5 Nxe5 13. Nd5 Nxd5 14. Bxe5 Bxf3 15. Bxf3 Bxe5 16. exd5 Bxa1 17. Qxa1 Rfe8 18. Kg2 h5 19. h4 Qe7 20. Qc1 Qf6 21. b4 a5 22. a3 axb4 23. axb4 Ra4 24. Qd2 Ra3 25. Qd1 Rea8 26. c5 Ra1 27. Qe2 Rxf1 28. Kxf1 Ra3 29. Kg2 Kg7 30. cxd6 cxd6 31. Be4 Qe5 32. Qc2 Rc3 33. Qb1 Rc4 34. Bf3 Qd4 35. b5 Rb4 36. Qc2 Rb2 0-1


[Site "https://www.chess.com"]